 Dungeon Crawl Stone Soup version 0.31-a0-662-g684573625c (webtiles) character file.

Game seed: 43211301912954523

172 Fodor the Covered (level 5, 0/47 HPs)
             Began as a Minotaur Fighter on Aug 31, 2023.
             Slain by a water moccasin (3 damage)
             ... on level 5 of the Dungeon.
             The game lasted 00:07:44 (1979 turns).

Fodor the Covered (Minotaur Fighter)                Turns: 1979, Time: 00:07:44

Health: 0/47       AC: 12    Str: 23    XL:     5   Next: 27%
Magic:  4/4        EV:  6    Int:  5    God:
Gold:   77         SH:  9    Dex:  9    Spells: 4/4 levels left

rFire   + . .        a - +0 long sword
rCold   + + .        c - +0 buckler
rNeg    . . .        n - +0 plate armour
rPois   +            (helmet restricted)
rElec   +            (no cloak)
rCorr   +            (no gloves)
SInv    .            (no boots)
Will    .....        h - amulet of reflection Stlth
                     q - ring of protection from cold
HPRegen 0.27/turn    (no ring)
MPRegen 0.09/turn

%: reflection
@: lethally poisoned (0 -> -3), resistant
A: horns 2, retaliatory headbutt
a: no special abilities


You were on level 5 of the Dungeon.
You visited 1 branch of the dungeon, and saw 4 of its levels.

You collected 77 gold pieces.

Inventory:

Hand Weapons
 a - a +0 long sword (weapon)
Missiles
 g - 4 javelins (quivered)
 t - 2 boomerangs
Armour
 c - a +0 buckler (worn)
 n - a +0 plate armour (worn)
 u - a +0 pair of gloves
Jewellery
 b - a ring of magical power
 h - an amulet of reflection (around neck)
 q - a ring of protection from cold (left hand)
Scrolls
 e - a scroll of identify {unknown}
 f - a scroll of teleportation {unknown}
 l - a scroll of silence {unknown}
 p - 2 scrolls of blinking {unknown}
 r - a scroll of noise {unknown}
 s - a scroll of amnesia {unknown}
Potions
 d - a potion of might
 k - a potion of haste {unknown}
 m - a potion of magic {unknown}
 o - a potion of enlightenment {unknown}


   Skills:
 + Level 4.3 Fighting
 + Level 4.3 Long Blades
 + Level 4.7 Armour
 + Level 0.7 Dodging
 + Level 4.7 Shields


You had 4 spell levels left.
You didn't know any spells.
Your spell library contained the following spells:

 Spells                   Type           Power      Damage    Failure   Level
 Summon Small Mammal      Summ           0%         N/A       100%        1
 Call Canine Familiar     Summ           0%         N/A       100%        3
 Summon Guardian Golem    Hex/Summ       0%         N/A       100%        3


Dungeon Overview and Level Annotations

Branches:
Dungeon (3/15)

Altars:


Innate Abilities, Weirdness & Mutations

You have a pair of horns on your head.
You reflexively headbutt those who attack you in melee.


Message History

The water moccasin bites you!
* * * LOW HITPOINT WARNING * * *
You are poisoned.
The water moccasin poisons you!
You feel very sick. You block the water moccasin's attack.
It was a potion of curing.
You feel better.
The water moccasin bites you but does no damage.
You miss the water moccasin.
Your headbutt misses the water moccasin.
The water moccasin bites you.
You are poisoned.
The water moccasin poisons you! You block the water moccasin's attack.
You slash the water moccasin!
Your headbutt misses the water moccasin.
The water moccasin is moderately wounded.
You feel very sick.
The water moccasin barely misses you. x2
You hit the water moccasin.
The water moccasin is moderately wounded.
You feel very sick. You block the water moccasin's attack.
You barely miss the water moccasin.
Your headbutt misses the water moccasin.
The water moccasin is moderately wounded.
You feel sick. You block the water moccasin's attack.
The water moccasin bites you.
* * * LOW HITPOINT WARNING * * *
You barely miss the water moccasin.
Your headbutt misses the water moccasin.
The water moccasin is moderately wounded.
* * * LOW HITPOINT WARNING * * *
You feel sick. The water moccasin bites you.
* * * LOW HITPOINT WARNING * * *
You block the water moccasin's attack.
It was a potion of resistance.
You feel protected.
* * * LOW HITPOINT WARNING * * *
You feel sick. The water moccasin bites you.
You die...

#.#
#..#♣.≈.≈.♣
#.# #lO#
.♣..♣ #O#
#.h# .♣ ♣
###.###.###
#
......#l#.##
##
#...#.#O...#
.#
#.###l###..#
.# #...#)#
#..######.#
#....s#


#.lOhsSS@.# .....>####.######## #.#.......... . #...#...... #...........
#...#........ ###.........#### ..#.........# #.#.........# You could see a water
moccasin, an ogre, a scorpion, an iguana, a hound and an adder.

Vanquished Creatures
  An orc wizard (D:5)
  3 gnolls (D:3)
  5 adders
  A worm (D:2)
  3 dart slugs
  6 orcs
  5 bats
  3 endoplasms
  A giant cockroach (D:2)
  3 goblins
  6 hobgoblins
  6 jackals
  6 kobolds
  4 quokkas
  6 rats (D:1)
59 creatures vanquished.

Notes
Turn   | Place    | Note
-------+----------+-------------------------------------------
     0 | D:1      | Fodor the Minotaur Fighter began the quest for the Orb.
     0 | D:1      | Reached XP level 1. HP: 19/19 MP: 0/0
   185 | D:1      | Reached XP level 2. HP: 24/27 MP: 1/1
   668 | D:2      | Reached XP level 3. HP: 33/33 MP: 2/2
   861 | D:2      | Found a faded altar of an unknown god.
  1098 | D:2      | Reached XP level 4. HP: 40/40 MP: 3/3
  1691 | D:3      | Reached XP level 5. HP: 46/46 MP: 4/4
  1695 | D:3      | You fall into a shaft and drop 2 floors!
  1695 | D:5      | Entered Level 5 of the Dungeon
  1918 | D:5      | Noticed an ogre
  1954 | D:5      | Noticed a water moccasin
  1979 | D:5      | Slain by a water moccasin

Illustrated notes

Levels and vault maps discovered:
D:1:      matt_arrival_diagonals, layout_loops_ring
D:2:      layout_rooms, shapermc_ecumenical_altar_gd
D:3:      layout_rooms
D:5:      layout_basic, kennysheep_generic_room_10

Skill      XL: |  1  2  3  4 |
---------------+-------------+-----
Shields        | 4 |  4.7
Armour         | 4 |  4.7
Fighting       | 4 |  4.3
Long Blades    | 3 4 |  4.3
Dodging        | |  0.7

Action                     |  1- 3 |  4- 6 || total
---------------------------+-------+-------++-------
  Melee: Long sword        |   101 |    84 ||   185
         Headbutt          |    17 |    13 ||    30
    Use: Potion            |       |     2 ||     2
 Armour: Scale mail        |    50 |       ||    50
         Plate armour      |    11 |   121 ||   132
  Dodge: Dodged            |    37 |    45 ||    82
  Block: Buckler           |    31 |    77 ||   108
         Reflection        |     2 |       ||     2

Table legend: (Time is in decaauts)
 A = Elapsed time spent in this place.
 B = Non-inter-level travel time spent in this place.
 C = Inter-level travel time spent in this place.
 D = Time resting spent in this place.
 E = Time spent auto-exploring this place.
 F = Levels seen in this place.
 G = Mean time per level.
                   A        B        C        D        E       F      G
               +--------+--------+--------+--------+--------+-----+--------+
         Total |   2026 |   2026 |      0 |    440 |      0 |   4 |  506.5 |
       Dungeon |   2026 |   2026 |      0 |    440 |      0 |   4 |  506.5 |
               +--------+--------+--------+--------+--------+-----+--------+

Top non-repeatable levels by time:
     D:1: 648 daAuts
     D:2: 585 daAuts
     D:3: 504 daAuts
     D:5: 288 daAuts
